 Dungeon Crawl Stone Soup version 0.31-a0-1549-g5ff9445e89 (webtiles) character file.

Game seed: 14511694907034640124

3711 BigPumpCobain the Basher (level 9, 0/82 HPs)
             Began as a Minotaur Fighter on Jan 2, 2024.
             Was an Initiate of the Shining One.
             Shot with an arrow by a centaur (14 damage)
             ... on level 8 of the Dungeon.
             The game lasted 00:08:51 (6141 turns).

BigPumpCobain the Basher (Minotaur Fighter)         Turns: 6141, Time: 00:08:51

Health: 0/82       AC: 20    Str: 24    XL:     9   Next: 91%
Magic:  9/9        EV: 12    Int:  5    God:    the Shining One [......]
Gold:   424        SH:  6    Dex: 11    Spells: 8/8 levels left

rFire   . . .        s - +2 whip (elec)
rCold   . . .        c - +0 buckler
rNeg    . . .        x - +0 plate armour
rPois   .            (helmet restricted)
rElec   .            (no cloak)
rCorr   .            p - +1 pair of gloves
SInv    .            (no boots)
Will    .....        (no amulet) Stlth
                     o - +4 ring of protection
HPRegen 0.33/turn    q - +5 ring of evasion
MPRegen 0.11/turn

%: no passive effects
@: slowed, glowing, very slow
A: horns 2, retaliatory headbutt
a: Renounce Religion


You were on level 8 of the Dungeon.
You worshipped the Shining One.
The Shining One was noncommittal.
You visited 2 branches of the dungeon, and saw 9 of its levels.

You collected 424 gold pieces.

Inventory:

Hand Weapons
 a - a +1 flail
 r - a +0 whip of freezing
 s - a +2 whip of electrocution (weapon)
Missiles
 j - 4 throwing nets
Armour
 c - a +0 buckler (worn)
 p - a +1 pair of gloves (worn)
 x - a +0 plate armour (worn)
Jewellery
 e - a ring of ice
 o - a +4 ring of protection (left hand)
 q - a +5 ring of evasion (right hand)
Wands
 d - a wand of iceblast (20)
Scrolls
 f - 4 scrolls of teleportation
 h - 4 scrolls of blinking
 i - a scroll of vulnerability
 l - a scroll of revelation
 t - a scroll of fear
 u - 2 scrolls of enchant armour
 w - a scroll of immolation {unknown}
Potions
 b - a potion of berserk rage {unknown}
 g - 3 potions of curing
 k - 2 potions of degeneration {unknown}
 m - 4 potions of heal wounds {unknown}
 n - a potion of attraction {unknown}
 v - a potion of invisibility {unknown}


   Skills:
 + Level 8.3 Fighting
 * Level 10.9 Maces & Flails
 + Level 8.3 Armour
 + Level 8.3 Shields
 + Level 2.5 Invocations


You had 8 spell levels left.
You didn't know any spells.
Your spell library contained the following spells:

 Spells                   Type           Power      Damage    Failure   Level
 Shock                    Conj/Air       0%         1d3       100%        1
 Ensorcelled Hibernation  Hex/Ice        0%         N/A       100%        2
 Scorch                   Fire           0%         2d5       100%        2
 Fugue of the Fallen      Necr           0%         N/A       100%        3
 Swiftness                Air            0%         N/A       100%        3
 Airstrike                Air            0%         2d(0-16)  100%        4
 Anguish                  Hex/Necr       0%         N/A       100%        4
 Flame Wave               Conj/Fire      0%         2d4       100%        4
 Summon Cactus Giant      Summ           0%         N/A       100%        6


Dungeon Overview and Level Annotations

Branches:
Dungeon (8/15)             Temple (1/1) D:7
   Lair: D:8-11

Altars:
Ashenzari
Cheibriados
Dithmenos
Elyvilon
Fedhas
Hepliaklqana
Kikubaaqudgha
Makhleb
Nemelex Xobeh
Okawaru
Qazlal
Ru
Trog
Uskayaw
Vehumet
Wu Jian
Xom
Zin
The Shining One

Shops:
D:3 (   D:4 !   D:6 (


Innate Abilities, Weirdness & Mutations

You have a pair of horns on your head.
You reflexively headbutt those who attack you in melee.


Message History

Grum is heavily wounded.
The kobold brigand throws a curare-tipped dart.
The curare-tipped dart misses you.
The curare-tipped dart hits Grum.
Grum is poisoned.
Grum struggles to breathe.
Grum seems to slow down.
Grum hits you with a -2 spear!
You whack Grum!
Grum is severely wounded.
The kobold brigand throws a curare-tipped dart.
The curare-tipped dart hits you.
You are poisoned.
You have difficulty breathing.
* * * LOW HITPOINT WARNING * * *
You feel as though you will be slow longer.
You hit Grum but do no damage. Lightning courses through Grum!
You kill Grum!
You feel very sick.
The kobold brigand throws a curare-tipped dart.
You block the curare-tipped dart.
You hit the wolf. Lightning courses through the wolf!
Your headbutt misses the wolf.
The wolf is severely wounded.
You feel very sick. The wolf misses you. You furiously retaliate!
You headbutt the wolf!
You kill the wolf!
You hit the wolf but do no damage.
You feel sick. You block the wolf's attack.
Okay, then.
You feel better. The wolf bites you but does no damage.
The wolf barely misses you. You furiously retaliate!
You headbutt the wolf!
The kobold brigand hits you but does no damage.
The wolf barely misses you. You furiously retaliate!
You headbutt the wolf! The wolf barely misses you. You furiously retaliate!
You headbutt the wolf. The wolf bites you!
* * * LOW HITPOINT WARNING * * *
The wolf misses you.
The kobold brigand hits you but does no damage.
You whack the wolf!
You kill the wolf!
The centaur wields a +2 shortbow of freezing.
It is covered in frost.
The centaur shoots an arrow.
The arrow hits you!
You die...

.. .### .... .... . ##...
..... .. . #... .....## ..
.#.... .....c .# ..##.##
...... .# ......#
.$.#$###.# ......####
#§#h@K..# ## .
......<..####.......##.K..
.....###.#........†......#
.....# ..#......##.##.##
...[.####.......#.##.#
..........#..........#
.....#####..##.....### .
)(....#....# #.....# ...
..........####.).###.....


You could see a kobold brigand, a wolf and a centaur.

Vanquished Creatures
  Pikel (D:5)
  Joseph (D:7)
  Prince Ribbit (D:8)
  Eustachio (D:6)
  Grum (D:8)
  A steam dragon (D:8)
  Menkaure (D:4)
  2 water moccasins
  3 ice beasts
  2 wolves (D:8)
  A centaur (D:7)
  3 ogres (D:5)
  4 lemures (D:5)
  A phantom (D:6)
  A kobold brigand (D:8)
  2 scorpions
  5 bullfrogs
  3 howler monkeys
  A jelly (D:7)
  A bombardier beetle (D:6)
  3 hounds
  2 orc priests
  3 iguanas
  Jessica (D:2)
  A sleepcap (D:5)
  Ijyb (D:5)
  2 orc wizards
  Robin (D:2)
  11 adders
  2 gnolls (D:6)
  A white imp (D:5)
  A ribbon worm (D:3)
  14 orcs
  4 bats
  7 endoplasms
  3 giant cockroaches
  18 goblins
  9 hobgoblins
  5 quokkas
  6 ball pythons
  4 frilled lizards
  8 kobolds
  8 rats
151 creatures vanquished.

Vanquished Creatures (others)
  An orc (D:5)
1 creature vanquished.

Grand Total: 152 creatures vanquished

Notes
Turn   | Place    | Note
-------+----------+-------------------------------------------
     0 | D:1      | BigPumpCobain the Minotaur Fighter began the quest for the
                  | Orb.
     0 | D:1      | Reached XP level 1. HP: 19/19 MP: 0/0
   110 | D:1      | Reached XP level 2. HP: 27/27 MP: 1/1
   233 | D:1      | Reached skill level 3 in Maces & Flails
   678 | D:2      | Noticed Jessica
   688 | D:2      | Killed Jessica
   688 | D:2      | Noticed Robin
   689 | D:2      | Reached XP level 3. HP: 23/33 MP: 2/2
   695 | D:2      | Killed Robin
   698 | D:2      | Reached XP level 4. HP: 10/40 MP: 3/3
  1038 | D:2      | Reached skill level 4 in Maces & Flails
  1959 | D:3      | Found a faded altar of an unknown god.
  1985 | D:3      | Found Tuzot's Weapon Emporium.
  2466 | D:4      | Noticed Menkaure
  2473 | D:4      | Killed Menkaure
  2474 | D:4      | Reached skill level 5 in Maces & Flails
  2474 | D:4      | Reached XP level 5. HP: 14/47 MP: 4/4
  2632 | D:4      | Noticed a water moccasin
  2646 | D:4      | Killed a water moccasin
  2647 | D:4      | Reached skill level 5 in Fighting
  2647 | D:4      | Reached skill level 5 in Armour
  2647 | D:4      | Reached skill level 5 in Shields
  2647 | D:4      | Reached XP level 6. HP: 47/56 MP: 5/5
  2915 | D:4      | Reached skill level 6 in Maces & Flails
  3003 | D:4      | Reached XP level 7. HP: 37/61 MP: 6/6
  3088 | D:4      | Found Dipove's Distillery.
  3186 | D:4      | Found a hide-covered altar of Uskayaw.
  3216 | D:5      | Entered Level 5 of the Dungeon
  3237 | D:5      | Noticed Ijyb
  3305 | D:5      | Killed Ijyb
  3772 | D:5      | Reached skill level 7 in Maces & Flails
  3778 | D:5      | Noticed Pikel
  3979 | D:5      | Reached XP level 8. HP: 57/70 MP: 7/7
  4124 | D:5      | Killed Pikel
  4125 | D:5      | Reached skill level 8 in Maces & Flails
  4579 | D:6      | Noticed Eustachio
  4591 | D:6      | Killed Eustachio
  4592 | D:6      | Reached skill level 9 in Maces & Flails
  4599 | D:6      | Found Ducuarch's Antique Weapon Shop.
  4739 | D:6      | Found a broken altar of Ashenzari.
  4804 | D:6      | Reached XP level 9. HP: 72/79 MP: 8/8
  5320 | D:7      | Found a staircase to the Ecumenical Temple.
  5343 | Temple   | Entered the Ecumenical Temple
  5353 | Temple   | Became a worshipper of the Shining One
  5496 | D:7      | Found an ornate altar of the Wu Jian Council.
  5563 | D:7      | Reached skill level 10 in Maces & Flails
  5640 | D:7      | Reached skill level 1 in Invocations
  5718 | D:7      | Noticed Joseph
  5733 | D:7      | Killed Joseph
  5971 | D:8      | Noticed Prince Ribbit
  6002 | D:8      | Killed Prince Ribbit
  6044 | D:8      | Found an iron altar of Okawaru.
  6124 | D:8      | Noticed Grum
  6137 | D:8      | Killed Grum
  6141 | D:8      | Shot with an arrow by a centaur

Illustrated notes

Levels and vault maps discovered:
D:1:      grunt_arrival_lava_bath, layout_loops_ring, nicolae_titane
D:2:      layout_basic, glass_columns_b, uniq_jessica, uniq_robin
D:3:      layout_basic, serial_shops, shop_statue,
          hellmonk_ecumenical_altar_prayer_group, guppyfry_early_lair_pool
D:4:      layout_rooms, nicolae_uskayaw_dance_hall, serial_shops,
          nicolae_shop_real_fake_doors, uniq_menkaure
D:5:      layout_basic, minmay_misc_feat_tower, minmay_misc_feat_cross,
          kennysheep_generic_room_11, uniq_ijyb, uniq_pikel
D:6:      layout_loops_ring, nicolae_ashenzari_skybound,
          gup_sewer_entry_bubbles, serial_shops, nicolae_lakefront_shop,
          minmay_quadrilaterals, uniq_eustachio
D:7:      layout_rooms, nicolae_wu_jian_wuxing_cycle, minmay_temple_entry_ruins,
          uniq_joseph
D:8:      layout_rooms, mainiacjoe_overflow_chevrons, billiards_dpeg, uniq_grum,
          uniq_erica, uniq_prince_ribbit1
Temple:   minmay_freezing_vapour_temple

Skill      XL: |  1  2  3  4  5  6  7  8  9 |
---------------+----------------------------+-----
Maces & Flails | 3 5 6 7 9 10 | 10.9
Fighting       | 4 5 6 7 8 |  8.3
Armour         | 4 5 6 7 8 |  8.3
Shields        | 4 5 6 7 8 |  8.3
Invocations    | 2 |  2.5

Action                     |  1- 3 |  4- 6 |  7- 9 || total
---------------------------+-------+-------+-------++-------
  Melee: Flail             |    53 |   124 |   234 ||   411
         Headbutt          |     3 |    13 |    56 ||    72
         Whip              |       |       |    20 ||    20
    Use: Potion            |     1 |       |     2 ||     3
         Scroll            |       |     9 |     4 ||    13
 Armour: Scale mail        |    48 |    84 |    86 ||   218
         Plate armour      |       |       |    65 ||    65
  Dodge: Dodged            |    38 |    60 |   116 ||   214
  Block: Buckler           |    14 |    24 |    49 ||    87

Table legend: (Time is in decaauts)
 A = Elapsed time spent in this place.
 B = Non-inter-level travel time spent in this place.
 C = Inter-level travel time spent in this place.
 D = Time resting spent in this place.
 E = Time spent auto-exploring this place.
 F = Levels seen in this place.
 G = Mean time per level.
                   A        B        C        D        E       F      G
               +--------+--------+--------+--------+--------+-----+--------+
         Total |   6204 |   5950 |    254 |    332 |   4546 |   9 |  689.3 |
       Dungeon |   6188 |   5939 |    249 |    332 |   4546 |   8 |  773.5 |
        Temple |     15 |     10 |      5 |      0 |      0 |   1 |   15.0 |
               +--------+--------+--------+--------+--------+-----+--------+

Top non-repeatable levels by time:
     D:6: 1214 daAuts
     D:2: 1173 daAuts
     D:5: 914 daAuts
     D:4: 759 daAuts
     D:3: 692 daAuts
     D:1: 633 daAuts
     D:7: 632 daAuts
     D:8: 168 daAuts
  Temple: 15 daAuts
